 Dungeon Crawl Stone Soup version 0.31-a0-177-g4aa6249778 (webtiles) character file.

Game seed: 16182271714379708214

435 TittyCrusher the Ruffian (level 7, -9/46 HPs)
             Began as an Octopode Fighter on June 19, 2023.
             Was an Initiate of Cheibriados.
             Mangled by an ogre
             ... wielding a +0 giant club
              (21 damage)
             ... on level 4 of the Dungeon.
             The game lasted 00:09:48 (4050 turns).

TittyCrusher the Ruffian (Octopode Fighter)         Turns: 4050, Time: 00:09:49

Health: -9/46      AC:  1    Str: 18    XL:     7   Next: 0%
Magic:  7/7        EV: 13    Int: 12    God:    Cheibriados [......]
Gold:   29         SH:  4    Dex: 12    Spells: 6/6 levels left

rFire   . .          .
                       - Unarmed
rCold   . . .        a - +0 buckler
rNeg    . . .        (helmet restricted)
rPois   .            (no amulet)
rElec   .            o - ring of see invisible
rCorr   +            t - ring of resist corrosion
SInv    +            (no ring)
Will    .....        (no ring)
Stlth   ++           (no ring)
HPRegen 0.27/turn    (no ring)
MPRegen 0.10/turn    (no ring)
                     (no ring)

%: no passive effects
@: very slow
A: almost no armour, amphibious, 8 rings, camouflage 1, gelatinous body 1,
(nimble swimmer 1), tentacles
a: Renounce Religion


You were on level 4 of the Dungeon.
You worshipped Cheibriados.
Cheibriados was noncommittal.
You visited 2 branches of the dungeon, and saw 5 of its levels.

You collected 216 gold pieces.
You spent 187 gold pieces at shops.

Inventory:

Hand Weapons
 b - a +2 sling
 d - a +3 trident of freezing
 s - a +2 short sword of protection
Missiles
 f - 19 stones (quivered)
Armour
 a - a +0 buckler (worn)
Jewellery
 o - a ring of see invisible (left tentacle)
 t - a ring of resist corrosion (right tentacle)
Wands
 j - a wand of flame (12)
Scrolls
 c - 4 scrolls of identify
 e - 2 scrolls of teleportation
 g - a scroll of poison
 h - a scroll of blinking
Potions
 n - 3 potions of enlightenment
 p - 3 potions of curing
 q - a potion of mutation


   Skills:
 - Level 3.0 Fighting
 - Level 3.0 Dodging
 - Level 3.0 Shields
 + Level 7.3 Unarmed Combat


You had 6 spell levels left.
You didn't know any spells.
Your spell library contained the following spells:

 Spells                   Type           Power      Damage    Failure   Level
 Tukima's Dance           Hex            0%         N/A       77%         3
 Passage of Golubria      Tloc           0%         N/A       99%         4
 Alistair's Intoxication  Tmut/Pois      0%         N/A       100%        5
 Borgnjor's Vile Clutch   Necr/Erth      0%         N/A       100%        5
 Yara's Violent Unravell  Hex/Tmut       0%         3d3       100%        5
 Eringya's Noxious Bog    Tmut/Pois      0%         N/A       100%        6


Dungeon Overview and Level Annotations

Branches:
Dungeon (4/15)             Temple (1/1) D:4

Altars:
Ashenzari
Cheibriados
Dithmenos
Elyvilon
Fedhas
Gozag
Hepliaklqana
Kikubaaqudgha
Makhleb
Nemelex Xobeh
Okawaru
Qazlal
Ru
Sif Muna
Trog
Uskayaw
Vehumet
Wu Jian
Xom
Zin
The Shining One

Shops:
D:4 !

Annotations:
D:3 exclusion: downstairs
D:4 Edmund


Innate Abilities, Weirdness & Mutations

You cannot wear most types of armour.
You are amphibious.
You can wear up to eight rings at the same time.
Your skin changes colour to match your surroundings (Stealth+).
Your rubbery body absorbs attacks. (AC +1, EV +1)
((You are camouflaged when in or above water. (Stealth+)))
You have tentacles for arms and can constrict up to eight enemies at once.


Message History

e - 2 scrolls labelled UTALIFRELAST
As you read the scroll of identify, it crumbles to dust.
e - 2 scrolls of teleportation You see here a scroll of identify.
c - 4 scrolls of identify (gained 1)
The orc barely misses you. You block the orc's attack.
You bludgeon the orc!
You kill the orc!
Cheibriados appreciates the change of pace.
No target in view!
No target in view!
The ogre shouts!
Aiming: Throw Flame
Press: ? - help, Shift-Dir - straight line, f - ogre
Aim: an ogre, wielding a +0 giant club (85% to hit)
The puff of flame hits the ogre.
The ogre is moderately wounded.
Unknown command.
You tentacle-slap the ogre but do no damage.
The ogre is moderately wounded.
The ogre hits you with a +0 giant club!
You bludgeon the ogre!
The ogre is heavily wounded.
You tentacle-slap the ogre.
The ogre is heavily wounded.
The ogre barely misses you.
You tentacle-slap the ogre.
The ogre is heavily wounded.
An endoplasm comes into view.
The ogre hits you with a +0 giant club!!
Ouch! That really hurt!
* * * LOW HITPOINT WARNING * * *
You feel better.
You feel better.
The ogre hits you with a +0 giant club!!
* * * LOW HITPOINT WARNING * * *
You feel better.
The ogre hits you with a +0 giant club!!
You die...

.... #.#.. ..#.#
.#..##.#.####.#.#
.......#.#....#.######.
#####..................
.............##.######.
........<......)# ..
.......[)......#######...
######..........#........
#.....@.##.......#
#.....OJ.#.#.#.....
##.......#.#.# ...
####....#.#.###.####
#...........J........
#...........o###.##..
#...................
#..........#...#....
#........†(#.⌠.# ..


You could see an ogre and an endoplasm.

Vanquished Creatures
  An ice beast (Temple)
  A phantom (D:4)
  2 jellies (D:3)
  Jessica (D:3)
  Terence (D:3)
  An orc wizard (D:3)
  Robin (D:3)
  5 adders
  3 dart slugs
  11 orcs
  4 endoplasms
  A giant cockroach (D:1)
  7 goblins
  12 hobgoblins
  2 jackals (D:3)
  5 kobolds
  2 quokkas (D:2)
  3 ball pythons
  5 bats
  4 frilled lizards
  6 rats
78 creatures vanquished.

Notes
Turn   | Place    | Note
-------+----------+-------------------------------------------
     0 | D:1      | TittyCrusher the Octopode Fighter began the quest for the
                  | Orb.
     0 | D:1      | Reached XP level 1. HP: 16/16 MP: 1/1
   214 | D:1      | Reached XP level 2. HP: 20/21 MP: 2/2
   779 | D:1      | Reached skill level 3 in Unarmed Combat
  1084 | D:2      | Reached XP level 3. HP: 19/26 MP: 3/3
  2155 | D:3      | Noticed Terence
  2166 | D:3      | Killed Terence
  2167 | D:3      | Reached skill level 4 in Unarmed Combat
  2167 | D:3      | Reached XP level 4. HP: 24/31 MP: 4/4
  2846 | D:3      | Reached skill level 5 in Unarmed Combat
  3049 | D:3      | Noticed Robin
  3050 | D:3      | Reached XP level 5. HP: 36/36 MP: 5/5
  3063 | D:3      | Killed Robin
  3079 | D:3      | Found a sacrificial altar of Ru.
  3087 | D:3      | Found a bloodstained altar of Trog.
  3090 | D:3      | Found a glowing silver altar of Zin.
  3171 | D:3      | You fall into a shaft and drop 1 floor!
  3183 | D:4      | Noticed a phantom
  3193 | D:4      | Found a staircase to the Ecumenical Temple.
  3199 | D:4      | Killed a phantom
  3202 | D:4      | Noticed an ice beast
  3208 | Temple   | Entered the Ecumenical Temple
  3211 | Temple   | Killed an ice beast
  3212 | Temple   | Reached skill level 6 in Unarmed Combat
  3212 | Temple   | Reached XP level 6. HP: 31/42 MP: 6/6
  3221 | Temple   | Became a worshipper of Cheibriados the Contemplative
  3420 | D:3      | Noticed Jessica
  3421 | D:3      | Killed Jessica
  3643 | D:4      | Found Lekiddeh's Distillery.
  3647 | D:4      | Bought a potion of heal wounds for 55 gold pieces
  3647 | D:4      | Bought 2 potions of curing for 66 gold pieces
  3647 | D:4      | Bought 2 potions of curing for 66 gold pieces
  3705 | D:4      | Noticed Edmund
  3854 | D:3      | Reached skill level 7 in Unarmed Combat
  3999 | D:3      | Reached XP level 7. HP: 40/46 MP: 7/7
  4050 | D:4      | Mangled by an ogre

Illustrated notes

Levels and vault maps discovered:
D:1:      nicolae_arrival_somewhat_less_tricky_arrival, layout_basic,
          chequers_serial_rivers_micro_b
D:2:      layout_basic, hangedman_abyss_or_decor_lesser_grid
D:3:      layout_basic, minitemple, grunt_decor_one_mirror, uniq_robin,
          uniq_jessica, uniq_terence
D:4:      layout_basic, minmay_temple_entry_junction_2, serial_shops,
          kennysheep_mini_moat, shop_fountains, nicolae_shop_back_alley_shop,
          uniq_edmund
Temple:   nicolae_temple_no_exploring_needed

Skill      XL: |  1  2  3  4  5  6 |
---------------+-------------------+-----
Unarmed Combat | 3 4 5 6 7 |  7.3
Fighting       | |  3.0
Dodging        | |  3.0
Shields        | |  3.0

Action                     |  1- 3 |  4- 6 |  7- 9 || total
---------------------------+-------+-------+-------++-------
  Melee: Unarmed           |    61 |    93 |     5 ||   159
         Constrict         |    17 |    17 |       ||    34
         Tentacles         |    11 |    15 |       ||    26
         Punch             |     1 |     1 |       ||     2
   Fire: Sling             |    29 |    18 |       ||    47
  Throw: Stone             |     8 |       |       ||     8
  Evoke: Wand              |       |     1 |     1 ||     2
    Use: Potion            |     1 |     5 |     3 ||     9
         Scroll            |       |    13 |     1 ||    14
   Stab: Sleeping          |     2 |     1 |       ||     3
 Armour: Skin              |     4 |     3 |       ||     7
  Dodge: Dodged            |    26 |    63 |     2 ||    91
  Block: Buckler           |     4 |    24 |     1 ||    29

Table legend: (Time is in decaauts)
 A = Elapsed time spent in this place.
 B = Non-inter-level travel time spent in this place.
 C = Inter-level travel time spent in this place.
 D = Time resting spent in this place.
 E = Time spent auto-exploring this place.
 F = Levels seen in this place.
 G = Mean time per level.
                   A        B        C        D        E       F      G
               +--------+--------+--------+--------+--------+-----+--------+
         Total |   4169 |   3948 |    221 |    677 |   2411 |   5 |  833.8 |
       Dungeon |   4060 |   3839 |    221 |    597 |   2411 |   4 | 1015.0 |
        Temple |    108 |    108 |      0 |     80 |      0 |   1 |  108.0 |
               +--------+--------+--------+--------+--------+-----+--------+

Top non-repeatable levels by time:
     D:3: 1653 daAuts
     D:2: 1125 daAuts
     D:1: 1031 daAuts
     D:4: 250 daAuts
  Temple: 108 daAuts
